Map: Bel'Shir Vestige LE (Void)

Players

Railgan - Winner!

  • Race: Zerg Zerg
  • League: Grandmaster
  • Spawn Location: 5:00

Tesserakt

  • Race: Zerg Zerg
  • League: Master
  • Spawn Location: 11:00

VOD

Have the link to the VOD?

Description

Time

  • Played on: March 13, 2017, 7:12 p.m.
  • Length: 7:57
Show
View Real Time Build Order
Export as new Build Order

Railgan Zerg - Winner!

Build Orders: Hatch First 

Get SALT Encoding   

  12  0:01  Drone  
  13  0:12  Overlord  
  13  0:17  Drone  
  14  0:30  Drone x2  
  14  0:35  Drone  
  17  0:45  Drone  
  18  0:56  Hatchery  
  17  1:02  Drone  
  18  1:07  Extractor  
  17  1:15  Spawning Pool  
  16  1:19  Drone  
  16  1:20  Drone  
  18  1:29  Drone  
  19  1:46  Overlord  
  19  2:02  Zergling x4  
  19  2:04  Queen  
  23  2:08  Queen  
  23  2:10  Drone  
  23  2:11  Drone  
  27  2:17  Metabolic Boost  
  27  2:19  Drone  
  28  2:23  Drone  
  29  2:31  Drone  
  29  2:35  Baneling Nest  
  29  2:39  Drone  
  29  2:44  Queen  
  29  2:46  Drone  
  29  2:51  Zergling x2  
  33  2:53  Overlord  
  33  2:55  Drone  
  34  3:10  Drone  
  34  3:11  Drone  
  35  3:15  Drone  
  35  3:17  Drone x2  
  38  3:20  Lair  
  38  3:24  Drone  
  38  3:25  Drone x2  
  41  3:29  Extractor x2  
  41  3:31  Roach Warren  
  41  3:34  Queen  
  39  3:40  Drone  
  39  3:41  Drone  
  43  3:44  Overlord  
  43  3:47  Overlord  
  43  3:51  Drone  
  45  3:58  Extractor  
  45  4:02  Drone  
  45  4:03  Drone x5  
  45  4:07  Extractor  
  49  4:15  Zergling x4  
  51  4:22  Spire  
  50  4:25  Drone x4  
  50  4:31  Zergling x4  
  55  4:33  Drone x2  
  55  4:34  Baneling  
  55  4:35  Baneling x3  
  55  4:38  Overseer  
  58  4:39  Drone  
  58  4:43  Zergling x2  
  60  5:07  Extractor  
  59  5:15  Overlord  
  59  5:21  Overlord x3  
  59  5:36  Mutalisk  
  59  5:37  Mutalisk x3  
  59  5:39  Queen x2  
  70  5:47  Mutalisk x2  
  72  5:50  Drone x3  
  72  5:52  Spore Crawler  
  74  6:00  Hydralisk Den, Drone x2  
  75  6:05  Hatchery  
  75  6:11  Zergling x8  
  75  6:12  Zergling x2  
  75  6:13  Zergling x10  
  84  6:20  Overlord  
  84  6:35  Overlord  
  84  6:39  Hydralisk, Evolution Chamber, Muscular Augments  
  83  6:40  Hydralisk x2, Evolution Chamber  
  83  6:42  Hydralisk  
  90  6:48  Hydralisk x3  
  90  6:53  Hydralisk  
  90  6:54  Hydralisk x2  
  96  6:58  Hydralisk x2  
  106  7:06  Hydralisk  
  106  7:07  Hydralisk  
  108  7:17  Hydralisk x2  
  105  7:36  Zergling x10  
  105  7:37  Zergling x8  
Show
View Real Time Build Order
Export as new Build Order

Tesserakt Zerg 

Build Orders: Hatch First 

Get SALT Encoding   

  12  0:00  Drone  
  13  0:12  Drone  
  14  0:18  Overlord  
  14  0:23  Extractor  
  14  0:24  Drone  
  15  0:37  Drone x2  
  17  0:54  Hatchery  
  17  0:56  Drone  
  17  0:58  Drone  
  18  1:10  Extractor  
  17  1:13  Spawning Pool  
  17  1:16  Drone  
  17  1:21  Drone  
  18  1:28  Drone  
  19  1:40  Overlord  
  19  1:50  Drone  
  20  2:00  Queen  
  20  2:01  Zergling x2  
  23  2:06  Zergling x2, Queen  
  26  2:11  Drone  
  27  2:17  Drone  
  27  2:22  Drone  
  29  2:27  Drone  
  30  2:33  Drone  
  30  2:36  Lair  
  30  2:46  Queen  
  30  2:47  Overlord  
  30  2:48  Drone  
  33  3:04  Drone x3  
  40  3:12  Drone x5  
  40  3:17  Roach Warren  
  40  3:18  Evolution Chamber  
  38  3:22  Drone  
  38  3:24  Drone  
  40  3:29  Spine Crawler  
  40  3:32  Drone x4  
  43  3:37  Evolution Chamber  
  42  3:41  Extractor  
  42  3:44  Spire  
  42  3:46  Extractor  
  39  3:48  Extractor  
  39  3:54  Drone x4  
  42  4:02  Zerg Missile Weapons Level 1  
  42  4:06  Drone  
  43  4:11  Overlord  
  43  4:28  Overlord  
  43  4:29  Drone x8  
  51  4:34  Overlord  
  51  4:55  Roach x2  
  51  4:56  Roach  
  51  4:57  Mutalisk x2  
  51  4:59  Hatchery  
  60  5:03  Mutalisk x2  
  60  5:06  Mutalisk  
  66  5:25  Mutalisk  
  66  5:27  Overlord x2  
  68  5:52  Drone x6  
  74  5:59  Drone x5  
  79  6:13  Mutalisk  
  79  6:14  Mutalisk x3  
  87  6:20  Overlord x2  
  87  6:22  Extractor  
  87  6:23  Extractor  
  87  6:24  Spore Crawler  
  87  6:25  Mutalisk x2  
  84  6:32  Mutalisk  
  90  6:34  Overlord x3  
  90  6:40  Overseer  
  90  6:45  Drone x6  
  96  6:52  Mutalisk  
  99  6:54  Drone x4  
  102  7:06  Drone x3  
  92  7:11  Drone x5  
  94  7:29  Mutalisk x4, Hatchery  
  93  7:31  Zergling x6  
  103  7:37  Zergling x2  
  103  7:38  Baneling Nest  
Tags
 
Add a new tag
Caveats
  • Supply blocks, unpowered buildings, or Contaminate may cause inaccurate times.
  • Supply counts are checked every 10 seconds.